 Dungeon Crawl Stone Soup version 0.24.0-37-gcf1ca852f1 (webtiles) character file.

Game seed: 7550439419543785037, levelgen mode: deterministic

403 Froggeryz the Cudgeler (level 6, -9/55 HPs)
             Began as a Gargoyle Fighter on Dec 8, 2019.
             Killed by divine providence
             ... invoked by an orc priest
              (12 damage)
             ... on level 4 of the Dungeon.
             The game lasted 00:03:24 (3012 turns).

Froggeryz the Cudgeler (Gargoyle Fighter)           Turns: 3012, Time: 00:03:25

Health: -9/55      AC: 23    Str: 25    XL:     6   Next: 86%
Magic:  6/6        EV:  2    Int: 10    God:
Gold:   125        SH:  9    Dex:  9    Spells: 5/5 levels left

rFire    . . .     SeeInvis .   p - +0 morningstar
rCold    . . .     Gourm    .   c - +0 shield
rNeg     + + +     Faith    .   (armour currently unavailable)
rPois    ∞         Spirit   .   (helmet currently unavailable)
rElec    .         Reflect  .   (cloak currently unavailable)
rCorr    +         Harm     .   (gloves currently unavailable)
MR       .....     NoTele   +   (boots currently unavailable)
Stlth    +.........             (no amulet)
HPRegen  0.18/turn              a - ring of resist corrosion
MPRegen  0.10/turn              (no ring)

@: mighty, tree-form
A: negative energy resistance 1, petrification resistance, rot immunity, AC +4
a: no special abilities


You were on level 4 of the Dungeon.
You were not hungry.
You were a tree.
You visited 1 branch of the dungeon, and saw 4 of its levels.

You collected 125 gold pieces.

Inventory:

Hand Weapons
 p - a +0 morningstar (weapon)
Missiles
 i - 7 poisoned darts (quivered)
 t - 2 javelins
Armour
 b - a +0 scale mail (melded)
 c - a +0 shield (worn)
 q - a cursed +0 helmet (melded)
 s - a +2 leather armour of fire resistance
Jewellery
 a - a ring of resist corrosion (left branch)
 o - an uncursed ring of resist corrosion
Scrolls
 e - 5 scrolls of identify {unknown}
 g - a scroll of enchant weapon {unknown}
 h - a scroll of magic mapping {unknown}
 j - a scroll of blinking {unknown}
 l - 4 scrolls of teleportation {unknown}
Potions
 d - a potion of might
 m - a potion of brilliance
Comestibles
 f - a ration
 r - 5 chunks of flesh


   Skills:
 - Level 3.2 Fighting
 * Level 7.1 Maces & Flails
 - Level 3.2 Armour
 - Level 3.2 Shields


You had 5 spell levels left.
You didn't know any spells.
Your spell library was empty.

Dungeon Overview and Level Annotations

Branches:
Dungeon (4/15)
 Temple: D:4-7

Altars:
Ashenzari
Ru


Innate Abilities, Weirdness & Mutations

You are resistant to torment.
((Your stone body is resilient. (AC +4)))
You are immune to poison.
You resist negative energy. (rN+)
((You are resistant to electric shocks. (rElec)))
((You can survive without breathing.))
You are immune to petrification.
You are immune to rotting.


Message History

It was a potion of lignification.
You turn into a tree.
Your cursed +0 helmet melds into your body.
Your +0 scale mail melds into your body.
Your roots penetrate the ground.
Something hits you but does no damage. You block something's attack.
Something hits you but does no damage.
The orc priest mumbles some strange prayers to Beogh against you.
Beogh smites you!
* * * LOW HITPOINT WARNING * * *
You feel better.
You hear some strange, mumbled words.
A puff of frost appears from out of thin air!
The puff of frost hits you.
* * * LOW HITPOINT WARNING * * *
Something hits you but does no damage.
Unknown command.
You closely miss something. You block something's attack. x3
You miss something.
Something hits you but does no damage. x2
The orc priest mumbles some strange prayers to Beogh against you.
Beogh smites you!
You die...

#...........#.#
##....# #.#
#.####.####.#.#
#....# #.#
#.#.......# .#
#....## #.# #
#.#.##.##.# .#
##.....# #.#
####.#.#...#.#
##.o###.....#
.#......._....
##..## #....
...#.#.#...#.#
#..## ####
.###.#.##.##.#
#####o.# .#
#.#...... #
#♣#{..## ##
#.####.###
#{{oo## # #..
#.#### ### ###


You could see an orc priest and an orc.

Vanquished Creatures
  A centaur (D:4)
  A scorpion (D:3)
  A crimson imp (D:4)
  A hound (D:4)
  Ijyb (D:3)
  A worker ant (D:3)
  Terence (D:3)
  5 adders (D:3)
  4 worms
  A dart slug (D:3)
  2 leopard geckos
  2 orcs (D:4)
  5 giant cockroaches
  8 hobgoblins
  10 jackals
  7 kobolds
  2 quokkas
  5 bats
  5 frilled lizards
  8 goblins
  9 rats
80 creatures vanquished.

Notes
Turn   | Place    | Note
-------+----------+-------------------------------------------
     0 | D:1      | Froggeryz the Gargoyle Fighter began the quest for the Orb.
     0 | D:1      | Reached XP level 1. HP: 14/14 MP: 1/1
   303 | D:1      | Reached XP level 2. HP: 19/19 MP: 2/2
   370 | D:1      | Reached skill level 3 in Maces & Flails
   713 | D:1      | Reached XP level 3. HP: 21/23 MP: 3/3
  1362 | D:2      | Found a shattered altar of Ashenzari.
  1816 | D:3      | Reached skill level 4 in Maces & Flails
  1949 | D:3      | Reached XP level 4. HP: 25/28 MP: 4/4
  1979 | D:3      | HP: 1/28 [worker ant (4)]
  2024 | D:3      | Reached skill level 5 in Maces & Flails
  2024 | D:3      | Reached XP level 5. HP: 25/32 MP: 5/5
  2042 | D:3      | Noticed Terence
  2056 | D:3      | Killed Terence
  2393 | D:3      | Reached skill level 6 in Maces & Flails
  2513 | D:3      | Noticed Ijyb
  2536 | D:3      | Killed Ijyb
  2536 | D:3      | Reached XP level 6. HP: 36/37 MP: 6/6
  2892 | D:4      | Found a sacrificial altar of Ru.
  2914 | D:4      | Reached skill level 7 in Maces & Flails
  3009 | D:4      | HP: 2/55 [orc priest/divine providence (12)]
  3012 | D:4      | Killed from afar by an orc priest

Levels and vault maps discovered:
D:1:      sevenhm_arrival_forest_fort_large_2, layout_basic,
          hangedman_feature_mirror, solitary_fountain
D:2:      layout_loops_cross, lemuel_doored_altar
D:3:      layout_loops_ring, serial_bayou_pond_e, uniq_terence, uniq_ijyb
D:4:      layout_layer_cave, nicolae_ru_sacrificial_ziggurat, minmay_lizard_king

Skill      XL: |  1  2  3  4  5  6 |
---------------+-------------------+-----
Maces & Flails | 3 4 5 6 7 |  7.1
Fighting       | |  3.2
Armour         | |  3.2
Shields        | |  3.2

Action                   |  1- 3 |  4- 6 || total
-------------------------+-------+-------++-------
Melee: Flail             |   137 |    50 ||   187
       Morningstar       |       |   160 ||   160
  Use: Potion            |       |     5 ||     5
  Eat: Chunk             |     3 |     4 ||     7
Armor: Scale mail        |    66 |   203 ||   269
       Skin              |       |     5 ||     5
Dodge: Dodged            |    47 |    98 ||   145
Block: Shield            |    75 |   146 ||   221
